 Dungeon Crawl Stone Soup version 0.27.1 (webtiles) character file.

Game seed: 543366974275932295

25 ZARRMARR the Insei (level 3, -6/23 HPs)
             Began as an Octopode Transmuter on Aug 30, 2021.
             Shot with a sling bullet by a goblin (8 damage)
             ... led by Robin
             ... on level 2 of the Dungeon.
             The game lasted 00:05:15 (1346 turns).

ZARRMARR the Insei (Octopode Transmuter)            Turns: 1346, Time: 00:05:16

Health: -6/23      AC:  1    Str:  9    XL:     3   Next: 6%
Magic:  5/6        EV: 13    Int: 16    God:
Gold:   89         SH:  0    Dex: 12    Spells: 5/6 levels left

rFire    . . .     SeeInvis .     - Unarmed
rCold    . . .     Faith    .   (no shield)
rNeg     . . .     Spirit   .   (helmet currently unavailable)
rPois    .         Reflect  .   (no amulet)
rElec    .         Harm     .   (no ring)
rCorr    .         Rampage  .   (no ring)
Will     .....                  (no ring)
Stlth    ++........             (no ring)
HPRegen  0.07/turn              (no ring)
MPRegen  0.10/turn              (no ring)
                                (no ring)
                                (no ring)

@: appendages (expiring), attractive
A: tentacle spike 3, almost no armour, amphibious, 8 rings, camouflage 1,
gelatinous body 1, (nimble swimmer 1), tentacles
a: End Transformation


You were on level 2 of the Dungeon.
One of your tentacles had grown a beastly spike.
You visited 1 branch of the dungeon, and saw 2 of its levels.

You collected 89 gold pieces.

Inventory:

Scrolls
 d - a scroll of magic mapping


   Skills:
 + Level 1.0 Fighting
 - Level 2.0 Dodging
 + Level 3.3 Unarmed Combat
 + Level 2.3 Spellcasting
 + Level 2.3 Transmutations
 * Level 1.3 Poison Magic


You had 5 spell levels left.
You knew the following spells:

 Your Spells              Type           Power      Damage    Failure   Level
a - Beastly Appendage     Tmut           18%        N/A       8%          1

Your spell library contained the following spells:

 Spells                   Type           Power      Damage    Failure   Level
 Wereblood                Tmut           9%         N/A       12%         2
 Spider Form              Tmut/Pois      3%         N/A       28%         3
 Ice Form                 Ice/Tmut       5%         N/A       77%         4


Dungeon Overview and Level Annotations

Branches:
Dungeon (2/15)

Altars:

Annotations:
D:2 Robin


Innate Abilities, Weirdness & Mutations

One of your tentacles has grown a beastly spike.
You cannot wear most types of armour.
You are amphibious.
You can wear up to eight rings at the same time.
Your skin changes colour to match your surroundings (Stealth+).
Your rubbery body absorbs attacks. (AC +1, EV +1)
((You are camouflaged near water. (Stealth+)))
You have tentacles for arms and can constrict up to eight enemies at once.


Message History

3 goblins and Robin come into view.
A goblin comes into view. It is wielding a +0 dagger.
Robin throws the goblin at you! The goblin hits you with a +0 dagger.
Things that are here:
a +0 club; a +0 dagger You barely miss the goblin.
Your grab misses the goblin.
You pierce the goblin.
You kill the goblin!
The goblin shoots a sling bullet.
The sling bullet barely misses you.
You feel much better.
The goblin shoots a sling bullet.
The sling bullet hits you! 2 goblins come into view.
Your transformation is almost over.
The goblin shouts!
Robin throws the goblin at you!
The goblin unwields a +0 hunting sling.
The goblin wields a +0 dagger.
The goblin hits you with a +0 dagger.
The goblin moves out of view. x2
Items here: ))) †.
The goblin unwields a +0 dagger.
The goblin wields a +0 hunting sling.
The goblin shoots a stone.
The stone misses you.
The goblin unwields a +0 dagger.
The goblin wields a +0 hunting sling.
The goblin shoots a sling bullet.
The sling bullet misses you.
The goblin shoots a stone.
The stone barely misses you.
The goblin shoots a sling bullet.
The sling bullet hits you.
* * * LOW HITPOINT WARNING * * *
The goblin shoots a stone.
The stone closely misses you.
Found a stone staircase leading down.
You feel much better. Robin throws the goblin at you!
The goblin hits you with a +3 dagger.
The goblin shoots a sling bullet.
The sling bullet hits you!
Robin roars a battlecry!
The goblins go into a battle-frenzy!
The goblin hits you with a +3 dagger!
* * * LOW HITPOINT WARNING * * *
The goblin shoots a sling bullet.
The sling bullet closely misses you.
Unknown command.
It was a potion of attraction.
You feel attractive to monsters. The goblin barely misses you.
The goblin shoots a sling bullet.
The sling bullet hits you!
You die...

###..........#..........
#######....#.#.#.##g....
......)....#.#.#gg.gg...
...........#...#g##.....
...........#...#g# ..!.
...........#...#.# ...
#######....#.#.#.# ..
....>..#.#.# #
........#.g@#
.........#...# .## #...$
#...## ###.. #.. .>.
#...


You could see Robin and 4 goblins.

Vanquished Creatures
  3 bats
  An endoplasm (D:1)
  2 giant cockroaches (D:1)
  3 goblins (D:2)
  2 hobgoblins (D:1)
  A quokka (D:2)
  3 ball pythons (D:1)
  2 frilled lizards (D:1)
  4 kobolds
  3 rats
24 creatures vanquished.

Vanquished Creatures (others)
  A demonic plant (D:2)
  A withered plant (D:2)
2 creatures vanquished.

Grand Total: 26 creatures vanquished

Notes
Turn   | Place    | Note
-------+----------+-------------------------------------------
     0 | D:1      | ZARRMARR the Octopode Transmuter began the quest for the
                  | Orb.
     0 | D:1      | Reached XP level 1. HP: 13/13 MP: 3/3
   236 | D:1      | Reached skill level 1 in Poison Magic
   236 | D:1      | Reached XP level 2. HP: 17/18 MP: 3/5
  1205 | D:2      | Found a faded altar of an unknown god.
  1335 | D:2      | Reached XP level 3. HP: 15/23 MP: 4/6
  1335 | D:2      | Noticed Robin
  1346 | D:2      | Shot with a sling bullet by a goblin

Illustrated notes

Levels and vault maps discovered:
D:1:      dpeg_arrival_prison, layout_loops_ring, serial_rivers,
          chequers_serial_rivers_micro_a, chequers_serial_rivers_small_b,
          chequers_serial_rivers_small_b, chequers_serial_rivers_small_a
D:2:      layout_basic, shapermc_ecumenical_altar_gd, basic_altar, uniq_sigmund,
          uniq_robin

Skill      XL: |  1 |
---------------+----+-----
Poison Magic   | 1 |  1.3
Fighting       | |  1.0
Dodging        | |  2.0
Unarmed Combat | |  3.3
Spellcasting   | |  2.3
Transmutations | |  2.3

Action                   || total
-------------------------++-------
Melee: Unarmed           ||    50
       Kick              ||    20
       Constrict         ||    13
       Tentacles         ||     8
 Cast: Beastly Appendage ||    21
  Use: Scroll            ||     3
       Potion            ||     3
 Stab: Sleeping          ||     3
Armor: Skin              ||     7
Dodge: Dodged            ||    20
